 Dungeon Crawl Stone Soup version 0.27-a0-1139-g28e009f8a6 (webtiles) character file.

Game seed: 18144771155749989220

12896 leviel the Cleaver (level 11, -2/104 HPs)
             Began as a Minotaur Fighter on May 7, 2021.
             Was an Initiate of Lugonu.
             Slain by a skeletal warrior
             ... wielding a +0 dire flail
             ... led by a skeletal warrior
              (20 damage)
             ... on level 12 of the Dungeon.
             The game lasted 00:17:32 (12939 turns).

leviel the Cleaver (Minotaur Fighter)              Turns: 12939, Time: 00:17:33

Health: -2/104     AC: 14    Str: 28    XL:     11   Next: 68%
Magic:  10/10      EV:  7    Int:  6    God:    Lugonu [......]
Gold:   241        SH: 21    Dex: 11    Spells: 10/10 levels left

rFire    . . .     SeeInvis .   a - +0 war axe
rCold    . . .     Faith    .   c - +3 kite shield
rNeg     . . .     Spirit   .   i - +0 plate armour
rPois    .         Reflect  +   (helmet restricted)
rElec    .         Harm     .   (no cloak)
rCorr    .         Rampage  .   (no gloves)
Will     .....                  (no boots)
Stlth    ..........             t - amulet of reflection
HPRegen  0.27/turn              q - +6 ring of strength
MPRegen  0.12/turn              (no ring)

@: about to teleport, very slightly contaminated, invisible (expiring)
A: horns 2, retaliatory headbutt
a: Renounce Religion


You were on level 12 of the Dungeon.
You worshipped Lugonu.
Lugonu was noncommittal.
You visited 1 branch of the dungeon, and saw 12 of its levels.
You visited the Abyss 1 time.

You collected 568 gold pieces.
You spent 327 gold pieces at shops.

Inventory:

Hand Weapons
 a - a +0 war axe (weapon)
Missiles
 m - 2 curare-tipped darts (quivered)
 u - 4 throwing nets
Armour
 c - a +3 kite shield (worn)
 g - a +0 plate armour
 i - a +0 plate armour (worn)
Jewellery
 q - a +6 ring of strength (left hand)
 t - an amulet of reflection (around neck)
Wands
 f - a wand of mindburst (4)
 k - a wand of digging (10)
 r - a wand of polymorph (8)
 s - a wand of paralysis (11)
 x - a wand of flame (24)
 C - a wand of acid (11)
Scrolls
 n - 8 scrolls of teleportation
 z - 2 scrolls of fog
Potions
 d - a potion of magic {unknown}
 e - 6 potions of lignification
 j - 3 potions of curing
 l - 3 potions of cancellation
 o - 2 potions of brilliance
 v - a potion of resistance
 w - a potion of attraction {unknown}
 B - a potion of mutation {unknown}


   Skills:
 * Level 11.7 Fighting
 + Level 12.8 Axes
 + Level 0.7 Throwing
 + Level 10.7 Armour
 + Level 1.4 Dodging
 + Level 0.9 Stealth
 + Level 10.7 Shields


You had 10 spell levels left.
You didn't know any spells.
Your spell library contained the following spells:

 Spells                   Type           Power      Damage    Failure   Level
 Animate Skeleton         Necr           0%         N/A       100%        1
 Foxfire                  Conj/Fire      0%         2x1d4     100%        1
 Pain                     Necr           0%         1d4       100%        1
 Conjure Flame            Conj/Fire      0%         6-21      100%        3
 Inner Flame              Hex/Fire       0%         N/A       100%        3
 Vampiric Draining        Necr           0%         2d6       100%        3
 Animate Dead             Necr           0%         N/A       100%        4
 Sticky Flame             Conj/Fire      0%         2d3       100%        4
 Summon Lightning Spire   Summ/Air       0%         N/A       100%        4
 Agony                    Necr           0%         N/A       100%        5
 Fireball                 Conj/Fire      0%         3d3       100%        5
 Silence                  Hex/Air        0%         N/A       100%        5
 Conjure Ball Lightning   Conj/Air       0%         3x3d6     100%        6
 Tornado                  Air            0%         N/A       100%        9


Dungeon Overview and Level Annotations

Branches:
Dungeon (12/15)            Temple (0/1) D:4            Lair (0/6) D:10
    Orc: D:9-12

Altars:
Cheibriados
Elyvilon
Qazlal
Sif Muna
Xom
Zin
Lugonu

Shops:
D:5 *   D:6 *   D:7 !   D:11 (

Portals:
Abyss: D:5


Innate Abilities, Weirdness & Mutations

You have a pair of horns on your head.
You reflexively headbutt those who attack you in melee.


Message History

The skeletal warrior is heavily damaged.
The skeletal warrior hits you with a +0 dire flail!!
You are too injured to fight recklessly!
You are too injured to fight recklessly!
You are too injured to fight recklessly!
You closely miss the skeletal warrior.
The skeletal warrior is heavily damaged.
You slash the skeletal warrior!
You destroy the skeletal warrior!
Lugonu accepts your kill.
Unknown command.
You catch the helpless skeletal warrior completely off-guard!
You hit the skeletal warrior but do no damage.
Your headbutt misses the skeletal warrior.
The skeletal warrior is heavily damaged.
The skeletal warrior hits you with a +0 dire flail!
* * * LOW HITPOINT WARNING * * *
You see here 9 sling bullets.
You closely miss the skeletal warrior.
You headbutt the skeletal warrior, but do no damage.
The skeletal warrior is moderately damaged.
The skeletal warrior hits you but does no damage.
Your plate armour prevents you from hitting the skeletal warrior.
You headbutt the skeletal warrior, but do no damage.
The skeletal warrior is moderately damaged.
The skeletal warrior barely misses you.
You block the skeletal warrior's attack.
You feel better.
You block the skeletal warrior's attack.
The skeletal warrior hits you with a +0 dire flail!!
* * * LOW HITPOINT WARNING * * *
You feel better.
The skeletal warrior hits you from afar with a +0 trident.
* * * LOW HITPOINT WARNING * * *
The skeletal warrior hits you but does no damage.
You flicker for a moment.
As you read the scroll of teleportation, it crumbles to dust.
You feel strangely unstable.
The skeletal warrior hits you with a +0 dire flail!!
You die...

#...#### #.#....### ##
#.#......# ##. #########
#.##... .. ##.. #.......#
#.##.# #.## #..#
#.......###.#..# ..# ##.##
#.............## #.###...[
#.......###.#### ###.#...###
#.<........@...###.......#
###########z##..#...........
#z###...##.....###
#.###.............
#)##...>>..####...
#.##.####.....#...
#####....## ....(.....
#.........#........ ..
#......(..# .....


You could see 2 skeletal warriors.

Vanquished Creatures
  A tentacled starspawn (Abyss:2)
  Harold (D:9)
  Erolcha (D:10)
  2 centaur warriors
  A two-headed ogre (D:10)
  A skeletal warrior (D:12)
  An unseen horror (D:12)
  3 trolls
  Grinder (D:5)
  A shadow (D:10)
  A wraith (D:11)
  2 wyverns
  9 yaks
  3 steam dragons
  3 water moccasins
  2 orc warriors
  4 black bears
  A sky beast (D:8)
  An ice beast (D:7)
  A necrophage (D:5)
  3 centaurs
  A phantom (D:4)
  4 kobold brigands
  2 bullfrogs
  A gnoll sergeant (D:7)
  4 scorpions
  8 killer bees
  7 wights
  2 howler monkeys (D:11)
  4 centaur zombies
  2 hounds
  A bullfrog zombie (D:6)
  A centaur skeleton (D:7)
  An orc priest (D:6)
  An iguana (D:7)
  Ijyb (D:5)
  3 orc wizards
  A hound zombie (D:5)
  A hound skeleton (D:4)
  6 adders
  6 gnolls
  A howler monkey skeleton (D:4)
  A shadow imp (D:7)
  A white imp (D:6)
  An ufetubus (D:7)
  2 worms (D:2)
  3 dart slugs
  8 orcs
  6 ball pythons
  7 endoplasms
  9 giant cockroaches
  3 goblins
  8 hobgoblins
  4 jackals (D:5)
  3 quokkas (D:4)
  3 bats
  7 frilled lizards
  38 kobolds
  7 rats
  A starspawn tentacle (Abyss:2)
213 creatures vanquished.

Vanquished Creatures (others)
  31 plants
  2 starspawn tentacles (Abyss:2)
33 creatures vanquished.

Grand Total: 246 creatures vanquished

Notes
Turn   | Place    | Note
-------+----------+-------------------------------------------
     0 | D:1      | leviel the Minotaur Fighter began the quest for the Orb.
     0 | D:1      | Reached XP level 1. HP: 19/19 MP: 0/0
   439 | D:1      | Reached XP level 2. HP: 27/27 MP: 1/1
  1053 | D:2      | Reached XP level 3. HP: 33/33 MP: 2/2
  1092 | D:2      | Reached skill level 3 in Axes
  1108 | D:2      | Reached XP level 4. HP: 13/40 MP: 3/3
  1938 | D:3      | Noticed a black bear
  1947 | D:3      | Killed a black bear
  1948 | D:3      | Reached skill level 4 in Axes
  1948 | D:3      | Reached skill level 1 in Dodging
  1948 | D:3      | Reached XP level 5. HP: 43/47 MP: 4/4
  2273 | D:3      | Found a stormy altar of Qazlal.
  2273 | D:3      | Found a shimmering blue altar of Sif Muna.
  2410 | D:4      | Reached skill level 5 in Armour
  2452 | D:4      | Found a staircase to the Ecumenical Temple.
  2455 | D:4      | Noticed a phantom
  2461 | D:4      | Reached skill level 5 in Axes
  2461 | D:4      | Reached XP level 6. HP: 42/55 MP: 5/5
  2467 | D:4      | Reached skill level 5 in Fighting
  2467 | D:4      | Reached skill level 5 in Shields
  3113 | D:4      | Reached XP level 7. HP: 59/61 MP: 6/6
  3520 | D:5      | Entered Level 5 of the Dungeon
  3551 | D:5      | Reached skill level 6 in Axes
  3635 | D:5      | Found Kosidogi's General Store.
  3638 | D:5      | Bought a potion of curing for 39 gold pieces
  3638 | D:5      | Bought a scroll of blinking for 97 gold pieces
  3638 | D:5      | Bought a scroll of identify for 26 gold pieces
  3760 | D:5      | Noticed Ijyb
  3762 | D:5      | Noticed Grinder
  3766 | D:5      | Killed Ijyb
  3767 | D:5      | Paralysed by Grinder for 6 turns
  3789 | D:5      | Killed Grinder
  3790 | D:5      | Reached skill level 7 in Axes
  3790 | D:5      | Reached XP level 8. HP: 36/70 MP: 7/7
  4196 | D:5      | Found a one-way gate to the infinite horrors of the Abyss.
  4226 | D:5      | Found a large runed translucent door.
  4226 | D:5      | Found a corrupted altar of Lugonu.
  4226 | D:5      | Found a large runed translucent door.
  4966 | D:6      | Reached skill level 8 in Axes
  5090 | D:6      | Found Hoclog's Lightly-Used Armoury.
  5314 | D:6      | Reached XP level 9. HP: 78/79 MP: 8/8
  5417 | D:6      | Found a glowing silver altar of Zin.
  5421 | D:6      | Found a shimmering altar of Xom.
  5425 | D:6      | Found a snail-covered altar of Cheibriados.
  5941 | D:7      | Reached skill level 9 in Axes
  6223 | D:7      | Found Acifuhann's Distillery.
  6231 | D:7      | Bought a potion of heal wounds for 55 gold pieces
  6231 | D:7      | Bought a potion of resistance for 110 gold pieces
  7977 | D:9      | Noticed Harold
  7993 | D:9      | Killed Harold
  7994 | D:9      | Reached skill level 10 in Axes
  8058 | D:9      | Noticed a troll
  8066 | D:9      | Killed a troll
  8067 | D:9      | Reached XP level 10. HP: 88/91 MP: 9/9
  8272 | D:9      | Found a white marble altar of Elyvilon.
  8799 | D:9      | Reached skill level 11 in Axes
  9514 | D:10     | Entered Level 10 of the Dungeon
  9647 | D:10     | Noticed a centaur warrior
  9692 | D:10     | Killed a centaur warrior
  9693 | D:10     | Reached skill level 10 in Fighting
 10038 | D:10     | Noticed Erolcha
 10043 | D:10     | Found a staircase to the Lair.
 10053 | D:10     | Cast into level 2 of the Abyss (Erolcha)
 10112 | Abyss:2  | Noticed a tentacled starspawn
 10123 | Abyss:2  | Killed a tentacled starspawn
 10124 | Abyss:2  | Reached skill level 12 in Axes
 10124 | Abyss:2  | Reached skill level 10 in Armour
 10124 | Abyss:2  | Reached XP level 11. HP: 26/101 MP: 10/10
 10147 | Abyss:2  | Noticed a hellephant
 10166 | Abyss:2  | Found a corrupted altar of Lugonu.
 10175 | Abyss:2  | Became a worshipper of Lugonu the Unformed
 10175 | Abyss:2  | Reached * piety under Lugonu
 10176 | D:10     | Escaped the Abyss
 10178 | D:10     | HP: 4/101 [Erolcha/fireball (35)]
 10179 | D:10     | Noticed a two-headed ogre
 10180 | D:10     | HP: 1/101 [orc warrior/boomerang (3)]
 10540 | D:10     | Killed a two-headed ogre
 10804 | D:10     | Killed Erolcha
 11244 | D:11     | Found Vegulif's Weapon Emporium.
 11335 | D:11     | Noticed a boulder beetle
 12023 | D:12     | Reached skill level 10 in Shields
 12095 | D:12     | Noticed a centaur warrior
 12100 | D:12     | Killed a centaur warrior
 12102 | D:12     | Noticed a skeletal warrior
 12363 | D:11     | Noticed an eight-headed hydra
 12384 | D:11     | Noticed a death knight
 12467 | D:11     | Noticed a five-headed hydra
 12902 | D:12     | Noticed a skeletal warrior
 12926 | D:12     | Noticed a skeletal warrior
 12930 | D:12     | Killed a skeletal warrior
 12939 | D:12     | Slain by a skeletal warrior

Illustrated notes

Levels and vault maps discovered:
D:1:      lightli_arrival_farm, layout_basic
D:2:      layout_loops_ring, wad_floor_pattern_1
D:3:      layout_rooms, amethyst_overflow_temple_binary
D:4:      kennysheep_kobold_camp, layout_rooms, minmay_temple_entry_sparse_star,
          gup_sewer_entry_bubbles
D:5:      due_chaos_kobolds, layout_rooms, serial_shops,
          nicolae_shop_behind_doors, uniq_ijyb, uniq_grinder
D:6:      layout_cave_pools, grunt_temple_overflow_diamond,
          nicolae_lava_and_water, minmay_shop_damaged, hangedman_decor_points
D:7:      layout_basic, serial_shops, nicolae_shop_statue_plus
D:8:      layout_gridville
D:9:      layout_cave_pods, elyvilon_altar_3, uniq_harold
D:10:     cheibrodos_elevator_heist, layout_cave_pools, lair_entry_dummy,
          uniq_erolcha
D:11:     layout_basic, kennysheep_orc_monster_closet_entryway, serial_shops,
          shop, onia_ninara_dug_in_and_dangerous
D:12:     layout_rooms

Skill      XL: |  1  2  3  4  5  6  7  8  9 10 11 |
---------------+----------------------------------+-----
Shields        | 4 5 6 7 8 9 10 | 10.7
Armour         | 4 5 6 7 8 10 | 10.7
Fighting       | 4 5 6 7 9 10 11 | 11.7
Axes           | 3 4 5 7 8 10 12 | 12.8
Dodging        | 1 |  1.4
Throwing       | |  0.7
Stealth        | |  0.9

Action                   |  1- 3 |  4- 6 |  7- 9 | 10-12 || total
-------------------------+-------+-------+-------+-------++-------
Melee: War axe           |    46 |   121 |   261 |   282 ||   710
       Headbutt          |    13 |    18 |    64 |    70 ||   165
Throw: Dart              |       |       |     5 |     1 ||     6
Invok: Depart the Abyss  |       |       |       |     1 ||     1
  Use: Scroll            |       |     6 |    12 |     6 ||    24
       Potion            |       |       |       |     9 ||     9
 Stab: Invisible         |       |       |       |     7 ||     7
Armor: Scale mail        |    26 |    23 |       |       ||    49
       Plate armour      |       |    67 |   118 |   117 ||   302
Dodge: Dodged            |     8 |    36 |    52 |    46 ||   142
Block: Kite shield       |    20 |    89 |   214 |   268 ||   591
       Reflection        |       |       |       |     5 ||     5

Table legend: (Time is in decaauts)
 A = Elapsed time spent in this place.
 B = Non-inter-level travel time spent in this place.
 C = Inter-level travel time spent in this place.
 D = Time resting spent in this place.
 E = Time spent auto-exploring this place.
 F = Levels seen in this place.
 G = Mean time per level.
                   A        B        C        D        E       F      G
               +--------+--------+--------+--------+--------+-----+--------+
         Total |  13164 |  12933 |    231 |   4125 |   6927 |  13 | 1012.6 |
       Dungeon |  13041 |  12810 |    231 |   4050 |   6927 |  12 | 1086.8 |
         Abyss |    122 |    122 |      0 |     75 |      0 |   1 |  122.0 |
               +--------+--------+--------+--------+--------+-----+--------+

Top non-repeatable levels by time:
     D:9: 1876 daAuts
     D:8: 1549 daAuts
     D:5: 1372 daAuts
    D:10: 1265 daAuts
    D:12: 1189 daAuts
     D:4: 1177 daAuts
     D:1: 1033 daAuts
     D:2: 962 daAuts
     D:7: 886 daAuts
     D:6: 687 daAuts
    D:11: 554 daAuts
     D:3: 486 daAuts
 Abyss:2: 122 daAuts
